[Event "Team 45 45 League T36"]
[Site "Internet Chess Club"]
[Date "2008.01.25"]
[Round "1"]
[White "SuperPeon"]
[Black "Ser-Enigma"]
[Result "0-1"]
[WhiteElo "2064"]
[BlackElo "2045"]
[Opening "Caro-Kann: advance variation"]
[ECO "B12"]
[Time "05:03:34"]
[TimeControl "2700+45"]

1. e4 c6 2. d4 d5 3. e5 Bf5 4. Nc3 e6 5. g4 Bg6 6. Nge2 c5 7. Be3 Nc6 8. dxc5
Nxe5 9. Nd4 Nf6 10. h4 h5 11. Bb5+ Nfd7 12. g5 a6 13. Ba4 Bxc5 14. Nxe6 fxe6 15.
Bxc5 b5 16. Bd6 bxa4 17. Qe2 Qb6 18. Bxe5 Nxe5 19. Qxe5 O-O 20. O-O Bxc2 21. Qe2
Bf5 22. Qxh5 g6 23. Qe2 Qd4 24. Qe3 Qxh4 25. f4 Bh3 26. Rf3 Bf5 27. Kg2 Qh8 28.
Rd1 Rfd8 29. Rd4 Rac8 30. Rf2 Rd7 31. Nxa4 Rh7 32. Nc3 Rh3 33. Qe5 Rh2+ 34. Kf1
Qh3+ 35. Ke1 Qg3 36. Qe2 Bg4 37. Rd3 Qg1+ 38. Qf1 Qxf1+ 39. Kxf1 Rh1+ 40. Kg2
Re1 41. Rf1 Rxf1 42. Kxf1 Rc4 43. Ne2 Re4 44. Ng3 Rxf4+ 45. Kg2 Rc4 46. Rb3 Rc2+
47. Kf1 Kf7 48. Rb7+ Ke8 49. a4 a5 50. Ke1 Rc5 51. Kd2 Rc4 52. b3 Rf4 53. Ke1
Rf3 54. Nf1 Bf5 55. Nd2 Rg3 56. Rb5 Rxg5 57. Rxa5 Rg1+ 58. Kf2 Rd1 59. Nf3 Rb1
60. Rb5 Kd7 61. Rb6 Ra1 62. Ke3 Kc7 63. Rb5 Kd6 64. Rb6+ Kc5 65. Rb5+ Kd6 66.
Rb6+ Kc7 67. Rb5 Be4 68. Ne5 g5 69. a5 Bf5 70. b4 Re1+ 71. Kd4 Re4+ 72. Kc5 Rxe5
73. a6 d4+ 74. Kc4 Rxb5 75. Kxb5 d3 76. Kc5 d2 77. b5 d1=Q 78. b6+ Kb8 79. b7
Qc2+ 80. Kb6 Qb3+ 81. Kc6 Be4+ 82. Kc5 Bxb7 83. a7+ Kxa7 {White resigns} 0-1

[Event "Team 45 45 League T36"]
[Site "Internet Chess Club"]
[Date "2008.01.26"]
[Round "1"]
[White "DeLaSalle"]
[Black "Atwode"]
[Result "1/2-1/2"]
[WhiteElo "1921"]
[BlackElo "1992"]
[Opening "Nimzovich-Larsen attack: modern variation"]
[ECO "A01"]
[Time "13:58:13"]
[TimeControl "2700+45"]

1. b3 e5 2. Bb2 Nc6 3. Nf3 d6 4. d4 e4 5. d5 exf3 6. dxc6 bxc6 7. exf3 Nf6 8.
Bd3 Be7 9. Nd2 O-O 10. O-O a5 11. a4 Be6 12. Re1 Nd5 13. Ne4 Nb4 14. f4 d5 15.
Ng3 Bf6 16. Be5 Re8 17. Nh5 Bxe5 18. fxe5 Qg5 19. f4 Qh4 20. g3 Qg4 21. Be2 Qf5
22. c3 Na6 23. g4 Qg6 24. Ng3 Bd7 25. g5 Nc5 26. b4 axb4 27. cxb4 Na6 28. Bd3
Qe6 29. Qd2 Qe7 30. Rab1 Reb8 31. Bxa6 Rxa6 32. a5 g6 33. Rb2 Ra7 34. Qd4 Raa8
35. Reb1 Rb5 36. Rb3 Rab8 37. R1b2 Be6 38. f5 Bxf5 39. Nxf5 gxf5 40. Qf4 Qe6 41.
Rf3 Rxa5 42. Qxf5 Qxf5 43. Rxf5 c5 44. b5 Raxb5 45. Rbf2 Rb1+ 46. Kg2 R1b2 47.
Rxf7 Rxf2+ 48. Rxf2 Re8 49. Re2 Kg7 50. Kf3 Kg6 51. Kg4 c4 52. h4 c3 53. h5+ Kf7
54. Kf5 d4 55. Ke4 Rxe5+ 56. Kxe5 d3 57. Rf2+ Kg7 58. Ke6 c2 59. Ke7 c1=Q 60.
Rf7+ Kg8 61. Rf8+ Kg7 62. Rf7+ Kg8 63. Rf8+ Kg7 64. Rf7+ Kg8 {Game drawn by
repetition} 1/2-1/2

[Event "Team 45 45 League T36"]
[Site "Internet Chess Club"]
[Date "2008.01.27"]
[Round "1"]
[White "PaulKaspar"]
[Black "vollmerj"]
[Result "1-0"]
[WhiteElo "1886"]
[BlackElo "1766"]
[Opening "Alekhine's defense"]
[ECO "B03"]
[Time "10:12:12"]
[TimeControl "2700+45"]

1. e4 Nf6 2. e5 Nd5 3. d4 d6 4. exd6 cxd6 5. c4 Nb6 6. Nf3 Nc6 7. Be2 g6 8. O-O
Bg7 9. Nc3 O-O 10. Be3 e5 11. d5 Ne7 12. b3 e4 13. Nd4 Nf5 14. Nxf5 Bxc3 15. Rc1
Bxf5 16. Rxc3 Bc8 17. Bh6 Re8 18. Qd4 Re5 19. Re3 f5 20. f4 exf3 21. Rxe5 dxe5
22. Qxe5 Qd7 23. Qf6 f2+ 24. Kxf2 Nxd5 25. Qf8# {Black checkmated} 1-0

[Event "Team 45 45 League T36"]
[Site "Internet Chess Club"]
[Date "2008.01.27"]
[Round "1"]
[White "PandorasBox"]
[Black "Zkid"]
[Result "1-0"]
[WhiteElo "2004"]
[BlackElo "2243"]
[Opening "Dutch"]
[ECO "A80"]
[Time "04:00:31"]
[TimeControl "2700+45"]

1. d4 f5 2. Nc3 d5 3. e4 dxe4 4. Bf4 Nf6 5. f3 c6 6. fxe4 fxe4 7. Qd2 Bf5 8.
O-O-O Nd5 9. Bc4 e6 10. Nge2 Be7 11. g4 Bg6 12. h4 Bxh4 13. Bxd5 exd5 14. g5 Bf2
15. Rdf1 e3 16. Bxe3 Bxe3 17. Qxe3+ Qe7 18. Qg3 Nd7 19. Rf3 O-O-O 20. Nxd5
{Black resigns} 1-0

[Event "Team 45 45 League T36"]
[Site "Internet Chess Club"]
[Date "2008.01.24"]
[Round "1"]
[White "morgado"]
[Black "Despair"]
[Result "1-0"]
[WhiteElo "2057"]
[BlackElo "1915"]
[Opening "Queen's pawn: English defense"]
[ECO "A40"]
[Time "21:07:41"]
[TimeControl "2700+45"]

1. d4 b6 2. Nf3 g6 3. e3 Bb7 4. Be2 Bg7 5. O-O Nf6 6. c4 O-O 7. Nc3 d5 8. Qb3
Nbd7 9. cxd5 Nxd5 10. Nxd5 c5 11. Nc3 e6 12. Bd2 a6 13. a4 Rb8 14. Rfd1 Qe7 15.
Qa3 f5 16. Na2 a5 17. dxc5 Nxc5 18. Bc3 e5 19. Nc1 Bc6 20. Nb3 Bxa4 21. Bc4+ Kh8
22. Rd2 Bxb3 23. Bxb3 Rfe8 24. Bc2 Qc7 25. Rad1 Rbc8 26. Ba4 Re7 27. Bc2 Ree8
28. Rd5 e4 29. Bxg7+ Kxg7 30. Nd4 Qb7 31. Nb5 Nd3 32. Bb3 Kh6 33. Nd6 Qc7 34.
Nxe8 Rxe8 35. Qd6 Qxd6 36. Rxd6 b5 37. Rb6 Nxb2 38. Rd7 Rc8 39. h4 b4 40. Rbb7
Kh5 41. Rxh7+ Kg4 42. Rbg7 Rc6 43. Bf7 f4 44. Bxg6 fxe3 45. Bxe4+ Kf4 46. Bxc6
exf2+ 47. Kxf2 Nd3+ 48. Kf1 Ne5 49. Ba4 Nc4 50. Ra7 b3 51. Rhb7 b2 52. Ke2 Kg4
53. Kd3 Ne5+ 54. Ke4 {Black resigns} 1-0

[Event "Team 45 45 League T36"]
[Site "Internet Chess Club"]
[Date "2008.01.26"]
[Round "1"]
[White "jazzpiano"]
[Black "Obi-Wan"]
[Result "0-1"]
[WhiteElo "1815"]
[BlackElo "1818"]
[Opening "Pirc defense"]
[ECO "B07"]
[Time "15:03:49"]
[TimeControl "2700+45"]

1. e4 d6 2. d4 Nf6 3. Nc3 Nbd7 4. f4 c6 5. Nf3 e5 6. fxe5 dxe5 7. dxe5 Ng4 8.
Bf4 Bc5 9. Bg3 Qb6 10. Qd2 Be3 11. Qd3 Nc5 12. Qe2 Qxb2 13. Rd1 Qxc3+ 14. Nd2
Be6 15. h3 Bxd2+ 16. Rxd2 Qxg3+ 17. Qf2 Nxf2 18. Rxf2 Nxe4 {White resigns} 0-1

[Event "Team 45 45 League T36"]
[Site "Internet Chess Club"]
[Date "2008.01.27"]
[Round "1"]
[White "crankn8tr"]
[Black "Mater"]
[Result "1-0"]
[WhiteElo "1719"]
[BlackElo "1725"]
[Opening "Sicilian"]
[ECO "B56"]
[Time "18:01:43"]
[TimeControl "2700+45"]

1. e4 c5 2. Nf3 Nc6 3. d4 cxd4 4. Nxd4 d6 5. Nc3 Nf6 6. f3 a6 7. Be3 g6 8. Qd2
Bg7 9. O-O-O O-O 10. Kb1 Nxd4 11. Bxd4 Be6 12. g4 b5 13. g5 Nh5 14. Bxg7 Nxg7
15. Be2 Bc4 16. Bxc4 bxc4 17. Nd5 Rb8 18. Ka1 Rb5 19. Rb1 Qd7 20. b4 cxb3 21.
cxb3 Rfb8 22. Qd3 Kf8 23. Rhc1 a5 24. Rc4 Qa7 25. Rbc1 Rc5 26. Rxc5 dxc5 27. Rc4
Rd8 28. Qc2 Ne6 29. f4 Nd4 30. Qc3 Rc8 31. Ne3 Ne2 32. Qh8# {Black checkmated}
1-0

[Event "Team 45 45 League T36"]
[Site "Internet Chess Club"]
[Date "2008.01.28"]
[Round "1"]
[White "beerss"]
[Black "Visin"]
[Result "0-1"]
[WhiteElo "1404"]
[BlackElo "1350"]
[Opening "Bird's opening"]
[ECO "A03"]
[Time "10:53:51"]
[TimeControl "2700+45"]

1. f4 d5 2. b3 c5 3. Nf3 Nc6 4. e3 Bg4 5. Bb5 e6 6. O-O Ne7 7. Bb2 a6 8. Bxc6+
Nxc6 9. Qe1 f6 10. Qg3 Bh5 11. Qh4 Bg6 12. d3 Be7 13. Qe1 Qc7 14. Nbd2 e5 15.
fxe5 Nxe5 16. Nxe5 fxe5 17. Nf3 Bf6 18. Rd1 O-O-O 19. c4 d4 20. e4 h5 21. Bc1
Qe7 22. Qg3 Bf7 23. Bg5 Rdg8 24. Bxf6 gxf6 25. Qh3+ Be6 26. Qh4 Rg4 27. Qg3 Rxg3
28. hxg3 Qg7 29. Nh4 Rf8 30. Nf5 Bxf5 31. Rxf5 Qxg3 32. Rdf1 Rg8 33. R5f3 Qxg2#
{White checkmated} 0-1

[Event "Team 45 45 League T36"]
[Site "Internet Chess Club"]
[Date "2008.01.27"]
[Round "1"]
[White "king4aknight"]
[Black "rpgrossman"]
[Result "0-1"]
[WhiteElo "1037"]
[BlackElo "1131"]
[Opening "Sicilian: Nimzovich-Rubinstein variation"]
[ECO "B29"]
[Time "20:01:37"]
[TimeControl "2700+0"]

1. e4 c5 2. Nf3 Nf6 3. Bc4 g6 4. d3 Bg7 5. O-O O-O 6. Nc3 e6 7. Nb5 a6 8. Nd6
Qc7 9. Bf4 Ne8 10. Nxe8 Qxf4 11. g3 Qg4 12. Nc7 Ra7 13. Kg2 b5 14. h3 Bxb2 15.
hxg4 Bxa1 16. Qxa1 bxc4 17. Qb1 Rxc7 18. Qxb8 Rb7 19. Qe5 f6 20. Qxc5 Rb2 21.
Rh1 Rxc2 22. Qe7 Rf7 23. Qd8+ Rf8 24. Qe7 Rf7 25. Qc5 cxd3 26. Qd6 Bb7 27. Qxd3
Rxa2 28. Qb3 d5 29. exd5 Bxd5 30. Qb8+ Rf8 31. Qc7 Rf7 32. Qd8+ Rf8 33. Qd6 a5
34. Qe7 Rf7 35. Qc5 a4 36. Qd4 a3 37. Kf1 Bxf3 38. Rh6 Rc7 39. Qd8+ Kg7 40. Rh2
Ra1+ 41. Qd1 Rxd1# {White checkmated} 0-1

[Event "Team 45 45 League T36"]
[Site "Internet Chess Club"]
[Date "2008.01.25"]
[Round "1"]
[White "Fidelian"]
[Black "sra66"]
[Result "1-0"]
[WhiteElo "1284"]
[BlackElo "1410"]
[Opening "Sicilian defense"]
[ECO "B27"]
[Time "13:19:12"]
[TimeControl "2700+45"]

1. e4 c5 2. Nf3 d5 3. exd5 Nf6 4. Nc3 Nxd5 5. Bb5+ Nc6 6. O-O e6 7. d4 a6 8.
Bxc6+ bxc6 9. Ne5 Bb7 10. Re1 cxd4 11. Qxd4 Be7 12. Ne4 O-O 13. a3 f6 14. Nf3
Rc8 15. Nc5 Bxc5 16. Qxc5 Re8 17. c4 Nb6 18. Bf4 Nd7 19. Qe3 e5 20. Rad1 h6 21.
h4 c5 22. Bh2 Qc7 23. Re2 a5 24. a4 Ba6 25. b3 Re6 26. Red2 Rd8 27. Qd3 Re7 28.
h5 Bb7 29. Nh4 Nf8 30. Qxd8 Qxd8 31. Rxd8 Be4 32. R1d2 Kf7 33. f3 Bb1 34. Rc8
Ne6 35. Ra8 Nd4 36. Rb2 Bc2 37. Rxa5 Nxb3 38. Rb5 Nd4 39. Rxc5 Bxa4 40. Ra5 Bc6
41. Kh1 Rd7 42. Bg1 Ne6 43. Ra7 Nc7 44. Bb6 Ne6 45. Rxd7+ Bxd7 46. Be3 Nd4 47.
Bxd4 exd4 48. Rd2 Ke6 49. Rxd4 Ba4 50. c5 Bc6 51. Rd6+ Ke5 52. Rxc6 {Black
resigns} 1-0

[Event "Team 45 45 League T36"]
[Site "Internet Chess Club"]
[Date "2008.01.27"]
[Round "1"]
[White "slakkjaw"]
[Black "uipawn"]
[Result "0-1"]
[WhiteElo "1330"]
[BlackElo "1397"]
[Opening "Sicilian defense"]
[ECO "B20"]
[Time "19:18:40"]
[TimeControl "2700+45"]

1. e4 c5 2. Bc4 e6 3. Nf3 Nc6 4. Nc3 Be7 5. O-O d6 6. d3 Nf6 7. Be3 O-O 8. h3 e5
9. a3 a6 10. Qd2 Nd4 11. Qd1 b5 12. Bd5 Rb8 13. b4 Qc7 14. Nh4 cxb4 15. Ne2
Nxe2+ 16. Qxe2 Nxd5 17. exd5 Bxh4 18. Qh5 Bf6 19. f4 exf4 20. Rxf4 Qxc2 21. Raf1
Qxd3 22. R1f3 Qd1+ 23. Kh2 Be5 24. Qg5 f6 25. Qh4 bxa3 26. Rg3 Rf7 27. Rfg4 Bxg4
28. Qxg4 Qxg4 29. hxg4 Bxg3+ 30. Kxg3 a2 31. Bd4 Rc8 32. Bb2 Rc2 {White resigns}
0-1

[Event "Team 45 45 League T36"]
[Site "Internet Chess Club"]
[Date "2008.01.26"]
[Round "1"]
[White "Mfalme"]
[Black "BosqueVerde"]
[Result "1-0"]
[WhiteElo "1270"]
[BlackElo "1177"]
[Opening "Sicilian defense"]
[ECO "B20"]
[Time "12:03:56"]
[TimeControl "2700+45"]

1. e4 c5 2. c4 Nc6 3. a3 a5 4. Nf3 e5 5. Be2 Nf6 6. d3 Be7 7. O-O O-O 8. Nc3 b6
9. Bd2 Bb7 10. Rb1 Nd4 11. Nxe5 Nxe2+ 12. Qxe2 Qc7 13. f4 Rfe8 14. Be1 d6 15.
Ng4 Bc8 16. Nxf6+ Bxf6 17. Nd5 Qb7 18. Nxf6+ gxf6 19. Bh4 Qe7 20. f5 Bd7 21. Qh5
Kh8 22. Qh6 Qf8 23. Bxf6+ Kg8 24. Qg5+ {Black resigns} 1-0

[Event "Team 45 45 League T36"]
[Site "Internet Chess Club"]
[Date "2008.01.27"]
[Round "1"]
[White "Renato77"]
[Black "b2solo"]
[Result "1-0"]
[WhiteElo "1179"]
[BlackElo "1189"]
[Opening "Pirc: classical (two knights) system"]
[ECO "B08"]
[Time "21:05:07"]
[TimeControl "2700+45"]

1. e4 d6 2. Nf3 Nf6 3. Nc3 g6 4. d4 Bg7 5. Bf4 c6 6. Bc4 b5 7. e5 bxc4 8. exf6
Bxf6 9. Bh6 Nd7 10. O-O c5 11. d5 e5 12. dxe6 fxe6 13. Re1 Qe7 14. Nd5 Qf7 15.
Nc7+ Kd8 16. Nxe6+ {Black resigns} 1-0

[Event "Team 45 45 League T36"]
[Site "Internet Chess Club"]
[Date "2008.01.27"]
[Round "1"]
[White "Ghashgork"]
[Black "Ziah"]
[Result "1-0"]
[WhiteElo "1635"]
[BlackElo "1508"]
[Opening "Sicilian: Scheveningen, English variation"]
[ECO "B90"]
[Time "05:06:37"]
[TimeControl "2700+45"]

1. e4 c5 2. Nf3 d6 3. d4 cxd4 4. Nxd4 Nf6 5. Nc3 a6 6. Be3 e6 7. Qd2 Be7 8. f3
Nbd7 9. g4 Ne5 10. g5 Nfd7 11. f4 Nc6 12. h4 Nxd4 13. Qxd4 e5 14. Qd2 h6 15. Bg2
exf4 16. Bxf4 hxg5 17. Bxg5 Bxg5 18. Qxg5 Qxg5 19. hxg5 Rxh1+ 20. Bxh1 Nb6 21.
O-O-O Ke7 22. Nd5+ Nxd5 23. exd5 Bf5 24. Re1+ Kd7 25. b3 Rc8 26. Be4 Bxe4 27.
Rxe4 Re8 28. Rf4 Rf8 29. Kd2 f6 30. gxf6 Rxf6 31. Rxf6 gxf6 32. Ke3 Kc7 33. a4
Kb6 34. b4 a5 35. c3 Ka6 36. Ke4 b5 37. axb5+ Kxb5 38. bxa5 Kxa5 39. Kf5 Kb6 40.
Kxf6 Kc7 41. Ke6 {Black resigns} 1-0

[Event "Team 45 45 League T36"]
[Site "Internet Chess Club"]
[Date "2008.01.27"]
[Round "1"]
[White "tryanything"]
[Black "jacknor"]
[Result "1-0"]
[WhiteElo "1660"]
[BlackElo "1662"]
[Opening "Scandinavian: Pytel-Wade variation"]
[ECO "B01"]
[Time "17:04:10"]
[TimeControl "2700+45"]

1. e4 d5 2. exd5 Qxd5 3. Nc3 Qd6 4. d4 Nf6 5. Bc4 a6 6. a4 e6 7. Nf3 Nc6 8. O-O
Be7 9. Ne2 O-O 10. Bf4 Bd8 {Black resigns} 1-0

[Event "Team 45 45 League T36"]
[Site "Internet Chess Club"]
[Date "2008.01.26"]
[Round "1"]
[White "quotha"]
[Black "klutzer"]
[Result "1-0"]
[WhiteElo "1625"]
[BlackElo "1519"]
[Opening "Scandinavian: Pytel-Wade variation"]
[ECO "B01"]
[Time "14:58:06"]
[TimeControl "2700+45"]

1. e4 d5 2. exd5 Qxd5 3. Nc3 Qd6 4. d4 Nf6 5. Nf3 a6 6. Be2 b5 7. O-O Nbd7 8.
Be3 e6 9. Ng5 Bb7 10. Bf3 Bxf3 11. Qxf3 Rb8 12. Nce4 Qe7 13. Qg3 h6 14. Nxf6+
Nxf6 15. Nf3 Nd5 16. Ne5 Qd7 17. Nxd7 {Black resigns} 1-0

[Event "Team 45 45 League T36 u"]
[Site "Internet Chess Club"]
[Date "2008.01.24"]
[Round "1"]
[White "nathesh"]
[Black "john-beebs"]
[Result "1/2-1/2"]
[WhiteElo "1470"]
[BlackElo "1557"]
[Opening "Ruy Lopez: four knights (Tarrasch) variation"]
[ECO "C77"]
[Time "14:30:37"]
[TimeControl "2700+45"]

1. e4 e5 2. Nf3 Nc6 3. Bb5 a6 4. Ba4 Nf6 5. Nc3 d6 6. d4 b5 7. Bb3 Bg4 8. Bg5
Nxd4 9. Nd5 Be7 10. Nxe7 Qxe7 11. Qd3 Nxf3+ 12. gxf3 Be6 13. Rd1 h6 14. Bh4 g5
15. Bg3 Nh5 16. Rg1 Nf4 17. Bxf4 gxf4 18. Ke2 O-O-O 19. Bd5 c5 20. c4 Bd7 21.
Ba8 Kc7 22. Bd5 b4 23. Rg7 Be6 24. Rdg1 a5 25. Qb3 Qd7 26. Bxe6 Qxe6 27. Kd3 Qd7
28. Kc2 Rb8 29. Qd3 Qa4+ 30. Qb3 Qd7 31. Qd3 Qa4+ 32. Qb3 Qd7 33. Qd3 Qa4+ {Game
drawn by repetition} 1/2-1/2

[Event "Team 45 45 League T36"]
[Site "Internet Chess Club"]
[Date "2008.01.28"]
[Round "1"]
[White "KrutoyChelovek"]
[Black "Qualm"]
[Result "1/2-1/2"]
[WhiteElo "1549"]
[BlackElo "1685"]
[Opening "Giuoco Pianissimo: Italian four knights variation"]
[ECO "C50"]
[Time "15:01:17"]
[TimeControl "2700+45"]

1. e4 e5 2. Bc4 Nc6 3. Nf3 Bc5 4. Nc3 Nf6 5. d3 O-O 6. Bg5 Be7 7. O-O d6 8. h3
Be6 9. Bb3 Qd7 10. Qd2 Nh5 11. Bxe7 Nxe7 12. Ng5 Bxb3 13. axb3 Nf4 14. Qe3 a6
15. Rad1 h6 16. Nf3 Qe6 17. Ne2 Nxe2+ 18. Qxe2 f5 19. exf5 Qxf5 20. Qe4 c6 21.
Qxf5 Nxf5 22. d4 e4 23. Nd2 d5 24. c4 Nxd4 25. cxd5 cxd5 26. Rfe1 Nc6 27. f3
exf3 28. Nxf3 Rad8 29. Ne5 Na7 30. Ng6 Rf6 31. Ne7+ Kf7 32. Nxd5 Rfd6 33. Re7+
Kg8 34. Rxb7 Nc8 35. Ne7+ Nxe7 36. Rxd6 Rxd6 37. Rxe7 Rd2 38. Ra7 Rxb2 39. Rxa6
Rxb3 40. Kh2 Rc3 41. Ra8+ Kf7 42. Ra7+ Kg6 43. Ra6+ Kh7 44. Ra7 Rc2 45. Ra6 Rb2
46. Ra7 Rc2 47. Ra6 Rb2 48. Ra7 Rc2 49. Ra6 Rb2 {Game drawn by repetition}
1/2-1/2

[Event "Team 45 45 League T36"]
[Site "Internet Chess Club"]
[Date "2008.01.26"]
[Round "1"]
[White "Freidenker"]
[Black "sra66"]
[Result "0-1"]
[WhiteElo "1653"]
[BlackElo "1464"]
[Opening "Réti opening"]
[ECO "A30"]
[Time "15:19:29"]
[TimeControl "2700+45"]

1. Nf3 c5 2. c4 Nc6 3. Nc3 e6 4. g3 Nf6 5. Bg2 Be7 6. O-O O-O 7. a3 a6 8. Rb1 d6
9. d4 cxd4 10. Nxd4 Rb8 11. Nxc6 bxc6 12. Bxc6 Qc7 13. Qa4 Rb6 14. Bg2 Bd7 15.
Qa5 h6 16. Be3 Rfb8 17. Bxb6 Rxb6 18. Na4 Bxa4 19. Qxa4 Qc5 20. Qc2 d5 21. b4
Qc7 22. c5 Rc6 23. e4 Qe5 24. exd5 exd5 25. Qd3 Qg5 26. Rfe1 Ng4 27. Qxd5 Qxd5
28. Bxd5 Rc7 29. f3 Nf6 30. Bb3 Kf8 31. Rbd1 Rc8 32. Bd5 Rb8 33. Bc6 Bd8 34. Bb7
a5 35. c6 axb4 36. axb4 Bb6+ 37. Kf1 Ne8 38. Re2 Bc7 39. b5 g6 40. Red2 Ba5 41.
Rd7 Bb6 42. Ra1 Nc7 43. Rb1 Ke8 44. Ke2 Ne6 45. Kd3 Nc5+ 46. Kc4 Nxd7 47. cxd7+
Kxd7 48. Bc6+ Kc7 49. Kd5 Rd8+ 50. Ke5 Rd6 51. Rc1 f6+ 52. Ke4 {White resigns}
0-1

[Event "Team 45 45 League T36"]
[Site "Internet Chess Club"]
[Date "2008.01.25"]
[Round "1"]
[White "AndersO"]
[Black "crazynights"]
[Result "0-1"]
[WhiteElo "1408"]
[BlackElo "1453"]
[Opening "Ruy Lopez: closed, Breyer, Borisenko variation"]
[ECO "C95"]
[Time "17:01:47"]
[TimeControl "2700+45"]

1. e4 e5 2. Nf3 Nc6 3. Bb5 a6 4. Ba4 Nf6 5. O-O Be7 6. Re1 b5 7. Bb3 d6 8. c3
O-O 9. h3 Nb8 10. d4 Nbd7 11. Nbd2 Bb7 12. Bc2 Re8 13. Nf1 Bf8 14. Ng3 g6 15. b3
c5 16. Qe2 Rc8 17. dxe5 dxe5 18. Bb2 Qc7 19. Rad1 Bh6 20. Bc1 Bxc1 21. Rxc1 Nf8
22. Rcd1 Ne6 23. Rd2 Nf4 24. Qd1 Rcd8 25. Rxd8 Rxd8 26. Qc1 Qa5 27. Qb2 Nd3 28.
Bxd3 Rxd3 29. b4 cxb4 30. cxb4 Qa3 31. Qxe5 Qxb4 32. Qb8+ Kg7 33. Qxb7 Rxf3 34.
Re3 Rxe3 35. fxe3 Qb1+ 36. Kh2 Qxa2 37. Qb6 Qe6 38. Qd4 h5 39. e5 Nd7 40. Ne4
Qxe5+ 41. Qxe5+ Nxe5 42. Kg1 f5 43. Nc5 a5 44. Kf1 Kf6 45. Ke2 Nc4 46. Kd3 Ke5
47. Kc3 Kd5 48. Nd3 g5 49. Nf2 Nxe3 50. g3 Nf1 51. g4 hxg4 52. hxg4 fxg4 53.
Nxg4 Ke4 54. Nf2+ Kf3 55. Nh3 g4 56. Ng5+ Ke3 57. Kb3 g3 58. Kc3 g2 59. Nh3 Ng3
60. Kb3 Ne2 61. Ka3 g1=Q 62. Nxg1 Nxg1 63. Kb3 Ne2 64. Ka3 Nd4 65. Kb2 Kd3 66.
Ka2 Kc4 67. Ka3 b4+ 68. Kb2 Nb5 69. Kc2 Na3+ 70. Kb2 Nb5 71. Kc2 a4 72. Kb2 a3+
73. Ka1 Kc3 74. Kb1 Nd4 75. Ka1 Kc2 76. Ka2 b3+ 77. Ka1 b2+ {White resigns} 0-1

[Event "Team 45 45 League T36"]
[Site "Internet Chess Club"]
[Date "2008.01.26"]
[Round "1"]
[White "EyeAm"]
[Black "archae13"]
[Result "0-1"]
[WhiteElo "1336"]
[BlackElo "1485"]
[Opening "Pirc: classical system, 5.Be2"]
[ECO "B08"]
[Time "17:30:25"]
[TimeControl "2700+45"]

1. e4 d6 2. d4 Nf6 3. Nc3 g6 4. Nf3 Bg7 5. Be2 O-O 6. O-O c6 7. Bg5 h6 8. Be3
Na6 9. Qd2 Kh7 10. h3 d5 11. e5 Ne4 12. Nxe4 dxe4 13. Nh2 h5 14. a3 f6 15. exf6
Rxf6 16. Bg5 Rd6 17. c3 Nc5 18. Qc2 Ne6 19. Be3 Bh6 20. Qxe4 Ng5 21. Bxg5 Bf5
22. Nf3 Bxe4 {White resigns} 0-1

[Event "Team 45 45 League T36"]
[Site "Internet Chess Club"]
[Date "2008.01.25"]
[Round "1"]
[White "civilization"]
[Black "Mutaant"]
[Result "0-1"]
[WhiteElo "1521"]
[BlackElo "1449"]
[Opening "King's pawn game"]
[ECO "C50"]
[Time "19:02:50"]
[TimeControl "2700+45"]

1. e4 e5 2. Nf3 Nc6 3. Bc4 Qf6 4. c3 Bc5 5. d4 exd4 6. e5 Qg6 7. O-O h6 8. Re1
dxc3 9. Nxc3 Nge7 10. Ne4 Bb4 11. Bd2 a6 12. Bd3 Qe6 13. Bxb4 Nxb4 14. a3 Nxd3
15. Qxd3 O-O 16. Rac1 Nc6 17. Nc5 Qg6 18. Rcd1 Qxd3 19. Rxd3 Rd8 20. Red1 Nb8
21. e6 d6 22. exf7+ Kxf7 23. h3 Rf8 24. Nb3 Nc6 25. Nbd4 Nxd4 26. Rxd4 Ke7 27.
Re1+ Kd8 28. Rc1 Bxh3 29. Rdc4 c6 30. Rb4 Kc7 31. Rd4 Rf6 32. b4 Raf8 33. Rd3
Bg4 34. Re1 Bxf3 35. gxf3 Kd7 36. Ree3 d5 37. Kf1 Kd6 38. Ke2 h5 39. Re4 b6 40.
Rh4 g6 41. Rh3 c5 42. bxc5+ bxc5 43. Rh1 c4 44. Re3 Kc5 45. Rb1 d4 46. Re5+ Kd6
47. Ra5 Kc7 48. Rb4 Rc6 49. Rg5 d3+ 50. Kd1 Rxf3 51. Rd5 Rxf2 52. Ke1 Ra2 53. a4
h4 54. Rd4 h3 55. Rh4 h2 56. Kd1 Ra1+ 57. Kd2 h1=Q {White resigns} 0-1

[Event "Team 45 45 League T36"]
[Site "Internet Chess Club"]
[Date "2008.01.24"]
[Round "1"]
[White "Hastings"]
[Black "knight2f3"]
[Result "1/2-1/2"]
[WhiteElo "1274"]
[BlackElo "1324"]
[Opening "Bird's opening"]
[ECO "A03"]
[Time "14:06:43"]
[TimeControl "2700+45"]

1. f4 d5 2. Nf3 Bg4 3. e3 Nd7 4. Be2 Ngf6 5. b3 c5 6. Bb2 Qc7 7. Nc3 e6 8. h3
Bh5 9. g4 Bg6 10. Nh4 Be4 11. Nxe4 Nxe4 12. Rg1 Be7 13. Nf3 Bf6 14. Bxf6 gxf6
15. Qb1 Qa5 16. a3 Qc7 17. Qb2 Qa5 18. b4 Qb6 19. d3 Nd6 20. Kf2 c4 21. g5 Nf5
22. Nd4 Nxd4 23. Qxd4 Qxd4 24. exd4 c3 25. gxf6 Nxf6 26. a4 Ke7 27. Ra3 Rac8 28.
Re1 h5 29. Bf3 Kd6 30. Re5 h4 31. b5 Rhg8 32. Rg5 Ke7 33. Ra1 Nh7 34. Rh5 Rg7
35. Rxh4 Rcg8 36. Re1 Nf6 37. Ra1 Kd6 38. Ra3 Nd7 39. Rxc3 Nb6 40. Ra3 f6 41. a5
Nd7 42. Rg4 e5 43. Rxg7 Rxg7 44. dxe5+ fxe5 45. fxe5+ Nxe5 46. d4 Nc4 47. Ra1
Rf7 48. Ke2 Rf4 49. c3 Rh4 50. Bg4 Rh7 51. a6 b6 52. Kf2 Rf7+ 53. Kg3 Nd2 54.
Kh4 Rh7+ 55. Kg5 Ne4+ 56. Kg6 Rc7 57. Rc1 Nxc3 58. h4 Rc4 59. h5 Nxb5 60. Rxc4
dxc4 61. h6 c3 62. Bf5 Nxd4 63. Be4 Ke5 64. Bc2 Nxc2 65. h7 Ke4 66. h8=Q Kd3 67.
Qd8+ Nd4 68. Qg5 c2 69. Qg3+ Kc4 70. Qe1 b5 71. Qf1+ Kc3 72. Qe1+ Kb2 73. Qb4+
Nb3 74. Qxb5 c1=Q 75. Qb7 Qg1+ 76. Kh7 Ka2 77. Qf7 Qb6 78. Qb7 Qf2 79. Qd5 Ka3
80. Qd3 Qb6 81. Kg8 Ka4 82. Qc4+ Ka5 83. Qc3+ Kxa6 84. Qc4+ Ka5 85. Qd5+ Ka4 86.
Qe4+ Ka3 87. Qe7+ Ka2 88. Qe2+ Ka3 89. Qe7+ Ka4 90. Qd7+ Ka3 91. Qe7+ {Game
drawn by repetition} 1/2-1/2

[Event "Team 45 45 League T36"]
[Site "Internet Chess Club"]
[Date "2008.01.28"]
[Round "1"]
[White "squeege"]
[Black "MeansToAnEnd"]
[Result "1-0"]
[WhiteElo "1077"]
[BlackElo "896"]
[Opening "Sicilian"]
[ECO "B50"]
[Time "21:30:14"]
[TimeControl "2700+45"]

1. e4 c5 2. Nf3 d6 3. Bc4 e6 4. Nc3 Nf6 5. d3 Be7 6. O-O O-O 7. Re1 a6 8. a4 d5
9. exd5 exd5 10. Ba2 b5 11. axb5 axb5 12. Nxb5 Bd7 13. Nc3 d4 14. Ne2 Nc6 15. c3
Ra7 16. cxd4 cxd4 17. Nexd4 Qa8 18. Qb3 Nb4 19. Rxe7 Rxa2 20. Rxa2 Nxa2 21. Re1
Re8 22. Rxe8+ Nxe8 23. Be3 Be6 24. Qa3 Qd5 25. Nxe6 fxe6 26. b4 Nd6 27. Nd4 e5
28. Nc6 Nb5 29. Qa8+ Kf7 30. Nxe5+ Qxe5 31. Qxa2+ Kf6 32. Qa6+ Kf5 33. h3 Nc7
34. g4# {Black checkmated} 1-0

[Event "Team 45 45 League T36"]
[Site "Internet Chess Club"]
[Date "2008.01.23"]
[Round "1"]
[White "kinchknifeblade"]
[Black "seldredg"]
[Result "0-1"]
[WhiteElo "1392"]
[BlackElo "1338"]
[Opening "Dutch defense, Rubinstein variation"]
[ECO "A84"]
[Time "19:21:48"]
[TimeControl "2700+45"]

1. d4 f5 2. c4 e6 3. Nc3 Nf6 4. Bg5 Be7 5. e3 d6 6. Bxf6 Bxf6 7. Qh5+ g6 8. Qh6
Qe7 9. O-O-O Bd7 10. Bd3 Nc6 11. a3 Bg5 12. Qh3 Nxd4 13. f4 Bxf4 14. exf4 Nb3+
15. Kc2 Nd4+ 16. Kb1 c5 17. Nb5 Nxb5 18. cxb5 Rc8 19. b3 d5 20. Qf3 Kf7 21. Ka2
Rc7 22. Nh3 h6 23. Rc1 Rhc8 24. Rhe1 c4 25. bxc4 dxc4 26. b6 axb6 27. Bb1 Ba4
28. Rc3 Bb3+ 29. Kb2 Ra8 30. Rxb3 cxb3 31. Qxb3 Qf6+ 32. Ka2 Rc3 33. Qb4 Rc6 34.
Re5 Rd8 35. Nf2 Qh4 36. Qe1 Qxf4 37. Nd3 Qc4+ 38. Ka1 Rxd3 39. Bxd3 Qd4+ 40. Ka2
Qxd3 41. Re2 Rc3 42. Qd2 Rxa3+ 43. Kb2 Rb3+ 44. Ka2 Qb1# {White checkmated} 0-1